 Dungeon Crawl Stone Soup version 0.23.1-41-g7e51ed3 (webtiles) character file.

Game seed: 14413369455654604989

1322 Borgoz the Cutter (level 8, -2/72 HPs)
             Began as a Gargoyle Gladiator on Mar 29, 2019.
             Was an Initiate of Ashenzari.
             Killed from afar by an orc wizard (7 damage)
             ... with a magic dart
             ... on level 5 of the Dungeon.
             The game lasted 00:10:35 (5187 turns).

Borgoz the Cutter (Gargoyle Gladiator)              Turns: 5187, Time: 00:10:36

Health: -2/72      AC: 24    Str: 18    XL:     8   Next: 59%
Magic:  11/11      EV:  2    Int:  9    God:    Ashenzari [......]
Gold:   200        SH:  0    Dex: 18    Spells: 12/12 levels left

rFire    . . .     SeeInvis .   j - +2 dagger (speed)
rCold    . . .     Gourm    .   (no shield)
rNeg     + + +     Faith    .   (armour currently unavailable)
rPois    ∞         Spirit   .   (helmet currently unavailable)
rElec    .         Reflect  .   (cloak currently unavailable)
rCorr    .         Harm     .   (gloves currently unavailable)
MR       +....     NoTele   +   (boots currently unavailable)
Stlth    ++++......             (no amulet)
HPRegen  0.22/turn              (no ring)
MPRegen  0.12/turn              (no ring)

@: agile, tree-form
A: magic resistance 1, negative energy resistance 1, petrification resistance,
rot immunity, AC +5
a: Curse Item, Renounce Religion


You were on level 5 of the Dungeon.
You worshipped Ashenzari.
Ashenzari was noncommittal.
You were hungry.
You were a tree.
You visited 2 branches of the dungeon, and saw 6 of its levels.

You collected 200 gold pieces.

Inventory:

Hand Weapons
 a - a cursed +0 rapier
 e - a +2 dagger of protection
 j - a +2 dagger of speed (weapon)
 t - a +0 rapier
 w - a +2 quarterstaff of chaos
Armour
 b - a +0 leather armour (melded)
 m - a cursed +2 helmet (melded)
 x - a cursed +1 cloak (melded)
Jewellery
 o - an uncursed amulet of the acrobat
Wands
 d - a wand of flame (9)
 s - a wand of random effects (11)
 v - a wand of polymorph (5)
Scrolls
 n - a scroll of teleportation
Potions
 c - a potion of flight
 k - a potion of lignification
 q - a potion of brilliance
 r - 3 potions of magic
Comestibles
 f - 9 rations


   Skills:
 + Level 4.1 Fighting
 * Level 4.8 Short Blades
 + Level 3.2 Throwing
 * Level 4.6 Armour
 * Level 4.3 Dodging
 + Level 3.5 Stealth
 + Level 2.5 Spellcasting
 + Level 1.6 Evocations


You had 12 spell levels left.
You didn't know any spells.
Your spell library was empty.

Dungeon Overview and Level Annotations

Branches:
Dungeon (5/15)             Temple (1/1) D:4

Altars:
Ashenzari
Cheibriados
Dithmenos
Elyvilon
Fedhas
Gozag
Hepliaklqana
Kikubaaqudgha
Makhleb
Nemelex Xobeh
Okawaru
Qazlal
Ru
Sif Muna
Trog
Uskayaw
Vehumet
Wu Jian
Xom
Yredelemnul
Zin
The Shining One

Shops:
D:5 }


Innate Abilities, Weirdness & Mutations

You are resistant to torment.
((Your stone body is resilient. (AC +5)))
You are immune to poison.
You resist negative energy. (rN+)
((You are resistant to electric shocks. (rElec)))
((You can survive without breathing.))
You are immune to petrification.
You are immune to rotting.
((Your large and strong wings let you fly indefinitely.))
((Your flesh is very cold resistant. (rC++)))
You are resistant to hostile enchantments. (MR+)


Message History

Beogh smites you!
* * * LOW HITPOINT WARNING * * *
You hit something but do no damage. Something hits you but does no damage.
You hit something but do no damage. You hit something but do no damage.
Something hits you but does no damage.
You barely miss something.
You hear some strange, mumbled words.
As you read the scroll of fear, it crumbles to dust.
You assume a fearsome visage.
The orc priest looks frightened!
Okay, then.
You hit something but do no damage.
You cannot move.
You cannot move.
You cannot move.
You cannot move.
You hear some strange, mumbled words.
Something tries to affect you, but you resist.
A magic dart appears from out of thin air!
The magic dart hits you!
You die...

.# ..# ###### .. #....# .#
#.# #######.88.# ##.# #.#
###....##.88{####..# #.#
#..####.#.♣..'.##.# #.#
#..####.#'####....# #.#
###..##.#..# ####.# #.#
###..##.#).## #.# #.### ..#
#..###)####.#####.#####...#
#.. #..###.#
#.#..........##.# #.#
###..#.# #.#####.####)##.#
#.# #[(#.####.# #.# #)##.#
#.# ######....######.#
#)##.#


There were no monsters in sight!

Vanquished Creatures
  Grinder (D:4)
  A hippogriff (D:5)
  Eustachio (D:4)
  Edmund (D:5)
  A sky beast (D:5)
  A scorpion (D:4)
  2 howler monkeys (D:4)
  A crimson imp (D:5)
  An orc priest (D:5)
  Crazy Yiuf (D:4)
  An orc wizard (D:5)
  Natasha (thrice) (D:3)
  2 worker ants (D:5)
  Robin (D:2)
  10 adders
  2 oozes (D:2)
  An adder zombie (D:5)
  5 worms
  2 dart slugs
  3 leopard geckos
  10 orcs
  5 bats (D:1)
  4 giant cockroaches
  11 goblins
  13 hobgoblins
  8 jackals
  4 kobolds
  4 quokkas
  A ball python (D:2)
  2 frilled lizards
  A leopard gecko skeleton (D:4)
  5 rats
109 creatures vanquished.

Notes
Turn   | Place    | Note
-------+----------+-------------------------------------------
     0 | D:1      | Borgoz the Gargoyle Gladiator began the quest for the Orb.
     0 | D:1      | Reached XP level 1. HP: 12/12 MP: 1/1
   217 | D:1      | Reached XP level 2. HP: 17/17 MP: 2/2
   485 | D:1      | Found a shimmering altar of Xom.
   709 | D:2      | Reached skill level 1 in Armour
   763 | D:2      | Reached XP level 3. HP: 22/22 MP: 3/3
   771 | D:2      | Found a faded altar of an unknown god.
  1049 | D:2      | Reached skill level 1 in Stealth
  1109 | D:2      | Noticed Robin
  1126 | D:2      | Killed Robin
  1126 | D:2      | Reached XP level 4. HP: 16/27 MP: 3/5
  1270 | D:2      | Reached skill level 1 in Spellcasting
  1348 | D:2      | Reached XP level 5. HP: 20/32 MP: 6/6
  1458 | D:2      | Found a radiant altar of Vehumet.
  1854 | D:3      | Noticed Natasha
  1859 | D:3      | Killed Natasha
  2024 | D:3      | Noticed Natasha
  2134 | D:3      | Killed Natasha
  2134 | D:3      | Reached XP level 6. HP: 15/37 MP: 7/7
  2510 | D:3      | Found a bloodstained altar of Trog.
  2511 | D:3      | Found an ancient bone altar of Kikubaaqudgha.
  2511 | D:3      | Found a glowing silver altar of Zin.
  2511 | D:3      | Found a snail-covered altar of Cheibriados.
  2572 | D:3      | Noticed Natasha
  2636 | D:3      | Killed Natasha
  2984 | D:3      | Found an ornate altar of the Wu Jian Council.
  3140 | D:4      | Noticed Grinder
  3172 | D:4      | Paralysed by Grinder for 7 turns
  3182 | D:4      | Paralysed by Grinder for 5 turns
  3195 | D:4      | Paralysed by Grinder for 3 turns
  3203 | D:4      | Killed Grinder
  3203 | D:4      | Reached XP level 7. HP: 36/41 MP: 9/9
  3271 | D:4      | Found a staircase to the Ecumenical Temple.
  3279 | Temple   | Entered the Ecumenical Temple
  3330 | Temple   | Became a worshipper of Ashenzari the Shackled
  3614 | D:4      | Noticed Eustachio
  3669 | D:4      | Killed Eustachio
  3851 | D:4      | Found a runed translucent door.
  3852 | D:4      | Noticed Crazy Yiuf
  4209 | D:4      | Killed Crazy Yiuf
  4257 | D:5      | Entered Level 5 of the Dungeon
  4292 | D:5      | Noticed Edmund
  4375 | D:5      | Killed Edmund
  4375 | D:5      | Reached skill level 1 in Evocations
  4375 | D:5      | Reached XP level 8. HP: 27/48 MP: 11/11
  4592 | D:5      | Found Qiasytza's Gadget Emporium.
  4742 | D:5      | Noticed a hippogriff
  5026 | D:5      | Killed a hippogriff
  5167 | D:5      | Gained mutation: Your flesh is cold resistant. (rC+)
                  | [potion of mutation]
  5167 | D:5      | Gained mutation: You are resistant to hostile enchantments.
                  | (MR+) [potion of mutation]
  5167 | D:5      | Gained mutation: Your flesh is very cold resistant. (rC++)
                  | [potion of mutation]
  5167 | D:5      | Gained mutation: Your large and strong wings let you fly
                  | indefinitely. [potion of mutation]
  5175 | D:5      | HP: 3/72 [orc priest/divine providence (14)]
  5187 | D:5      | Killed from afar by an orc wizard

Skill      XL: |  1  2  3  4  5  6  7  8 |
---------------+-------------------------+-----
Armour         | 1 2 3 4 |  4.6
Throwing       | 2 3 |  3.2
Short Blades   | 3 4 |  4.8
Stealth        | 1 2 3 |  3.5
Spellcasting   | 1 2 |  2.5
Dodging        | 3 4 |  4.3
Fighting       | 3 4 |  4.1
Evocations     | 1 |  1.6

Action                   |  1- 3 |  4- 6 |  7- 9 || total
-------------------------+-------+-------+-------++-------
Melee: Rapier            |   117 |   254 |       ||   371
       Dagger            |       |    56 |   385 ||   441
Throw: Throwing net      |     2 |     2 |       ||     4
Invok: Curse Item        |       |       |     3 ||     3
Evoke: Wand              |       |       |     4 ||     4
  Use: Scroll            |     3 |     1 |     5 ||     9
       Potion            |     1 |     5 |     7 ||    13
 Stab: Sleeping          |     2 |     4 |     2 ||     8
  Eat: Chunk             |     1 |     6 |     7 ||    14
Armor: Leather armour    |    59 |   117 |   107 ||   283
       Skin              |       |    19 |    19 ||    38
Dodge: Dodged            |   117 |   203 |   127 ||   447
